 Dungeon Sprint DCSS version 0.21.0-36-ge3e1d5a (webtiles) character file.

3742105 stupendous the End of an Era (level 24, 227/227 HPs)
             Began as a Formicid Fighter on Jan 30, 2018.
             Was the Champion of Qazlal.
             Escaped with the Orb
             ... and 3 runes!
             The game lasted 01:35:00 (18443 turns).

stupendous the End of an Era (Formicid Fighter)    Turns: 18443, Time: 01:35:01

Health: 227/227    AC: 44    Str: 24    XL:     24   Next: 73%
Magic:  54/54      EV: 27    Int:  9    God:    Qazlal [******]
Gold:   200        SH: 37    Dex: 30    Spells: 77/77 levels left

rFire    + + .     SeeInvis +   w - +5 eudemon blade (holy)
rCold    + + +     Gourm    .   F - +1 large shield
rNeg     + + .     Faith    +   E - +9 gold dragon scales
rPois    +         Spirit   .   (helmet unavailable)
rElec    .         Reflect  .   A - +2 cloak {rPois}
rCorr    .         Harm     .   H - +2 pair of gloves {Dex+3}
MR       +++..                  (no boots)
Stlth    ..........             h - amulet of Sif Muna's Reproof {Faith Fragile Str+4 Dex+6 Slay+2}
HPRegen  0.47/turn              x - ring of Listaamol {rF+ rC+ rN+ Dex+3}
MPRegen  0.34/turn              N - ring of Jedo {rPois rC+ rN+ MR+ SInv}

@: repel missiles
A: permanent stasis, dig shafts and tunnels, four strong arms, antennae 3,
blurry vision 1, deterioration 1, weak 2
0: Orb of Zot
}: 3/15 runes: silver, golden, iron
a: Dig, Upheaval, Elemental Force, Disaster Area, Renounce Religion


You escaped.
You worshipped Qazlal.
Qazlal was exalted by your worship.
You were not hungry.

You visited 1 branch You collected 200 gold pieces.

Inventory:

Hand Weapons
 c - the +6 Majin-Bo {vamp, Archmagi MP+6 Int+6}
   (You took it off a vampire knight in the Dungeon)

   It inflicts no extra harm, but heals its wielder when it wounds a living foe.
   It affects your intelligence (+6).
   It affects your magic capacity (+6).
 r - a +1 great sword of slicing
 w - a +5 eudemon blade of holy wrath (weapon)
 G - a +2 eudemon blade of holy wrath
 V - a +4 demon blade of slicing
Armour
 A - a +2 cloak of poison resistance (worn)
 D - the +5 plate armour "Tuergh" {Int+5 Dex-2 Slay+6 Stlth+}
   (You found it in the Dungeon)

   It affects your intelligence (+5).
   It affects your dexterity (-2).
   It affects your accuracy and damage with ranged weapons and melee attacks
   (+6).
   It makes you more stealthy.
 E - +9 gold dragon scales (worn)
 F - a +1 large shield (worn)
 H - a +2 pair of gloves of dexterity (worn)
Magical Staves
 t - an uncursed staff of energy
 y - an uncursed staff of power
Jewellery
 b - the amulet of Xom's Amusement {Spirit rElec rN+ Dex+3 Slay+3}
   (You found it in the Dungeon)

   [amulet of guardian spirit]

   It causes incoming damage to be split between your health and magic.
   It affects your dexterity (+3).
   It affects your accuracy and damage with ranged weapons and melee attacks
   (+3).
   It insulates you from electricity.
   It protects you from negative energy.
 h - the amulet of Sif Muna's Reproof (around neck) {Faith Fragile Str+4 Dex+6 Slay+2}
   (You found it in the Dungeon)

   [amulet of faith]

   It allows you to gain divine favour quickly.
   It affects your strength (+4).
   It affects your dexterity (+6).
   It affects your accuracy and damage with ranged weapons and melee attacks
   (+2).
   It will be destroyed if unequipped.
 j - the ring "Xaguek" {MR+ AC+6 Int-3 Dex+5}
   (You found it in the Dungeon)

   [ring of protection]

   It affects your AC (+6).
   It affects your intelligence (-3).
   It affects your dexterity (+5).
   It affects your resistance to hostile enchantments.
 k - a +6 ring of evasion
 x - the ring of Listaamol (left hand) {rF+ rC+ rN+ Dex+3}
   (You found it in the Dungeon)

   [ring of positive energy]

   It affects your dexterity (+3).
   It protects you from fire.
   It protects you from cold.
   It protects you from negative energy.
 I - the ring of Naew Xez {MR+ MP+9 Str+4 Int-4 SInv Stlth+}
   (You found it in the Dungeon)

   [ring of protection from magic]

   It affects your strength (+4).
   It affects your intelligence (-4).
   It affects your resistance to hostile enchantments.
   It affects your magic capacity (+9).
   It lets you see invisible.
   It makes you more stealthy.
 J - the ring "Cuihyw" {+Blink rC+ rN++ MR- MP+9}
   (You took it off a cherub in the Dungeon)

   [ring of magical power]

   It protects you from cold.
   It greatly protects you from negative energy.
   It affects your resistance to hostile enchantments.
   It affects your magic capacity (+9).
   It lets you blink.
 N - the ring of Jedo (right hand) {rPois rC+ rN+ MR+ SInv}
   (You found it in the Dungeon)

   [ring of poison resistance]

   It protects you from cold.
   It protects you from poison.
   It protects you from negative energy.
   It affects your resistance to hostile enchantments.
   It lets you see invisible.
 Q - the ring of Damun {rF++ MR+ Str-2 Dex+6}
   (You found it in the Dungeon)

   [ring of dexterity]

   It affects your strength (-2).
   It affects your dexterity (+6).
   It greatly protects you from fire.
   It affects your resistance to hostile enchantments.
 R - a +5 ring of slaying
 T - the ring "Cafuluri" {rElec Str+3 Int+6}
   (You found it in the Dungeon)

   [ring of intelligence]

   It affects your strength (+3).
   It affects your intelligence (+6).
   It insulates you from electricity.
 X - the ring "Katremac" {Wiz Str+3 Int+8 Stlth-}
   (You found it in the Dungeon)

   [ring of wizardry]

   It improves your spell success rate.
   It affects your strength (+3).
   It affects your intelligence (+8).
   It makes you less stealthy.
 Y - the ring "Jiofovac" {+Inv +Fly rN+}
   (You found it in the Dungeon)

   [ring of flight]

   It protects you from negative energy.
   It lets you turn invisible.
   It lets you fly.
 Z - the ring "Ruoleu" {+Fly rF+ rC- Int+3 Dex+5}
   (You found it in the Dungeon)

   [ring of protection from fire]

   It affects your intelligence (+3).
   It affects your dexterity (+5).
   It protects you from fire.
   It makes you vulnerable to cold.
   It lets you fly.
Wands
 d - a wand of flame (37)
 u - a wand of iceblast (8)
 S - a wand of paralysis (17)
Scrolls
 m - 3 scrolls of fear
 o - 11 scrolls of remove curse
 p - 8 scrolls of amnesia
 q - a scroll of summoning
 v - 3 scrolls of enchant weapon
 z - a scroll of enchant armour
 C - 3 scrolls of magic mapping
 M - 2 scrolls of identify
 U - a scroll of fog
Potions
 a - 3 potions of heal wounds
 e - 17 potions of curing
 g - 2 potions of flight
 i - 4 potions of magic
 l - 5 potions of brilliance
 n - 2 potions of invisibility
 s - 6 potions of might
 O - 2 potions of resistance
 P - 5 potions of agility
Books
 B - a manual of Long Blades
 L - a book of Clouds

   Spells                             Type                      Level
   a - Poisonous Vapours              Poison/Air                   2
   b - Mephitic Cloud                 Conjuration/Poison/Air       3
   c - Conjure Flame                  Conjuration/Fire             3
   d - Freezing Cloud                 Conjuration/Ice/Air          6
   e - Ring of Flames                 Charms/Fire                  7
 W - a book of the Dragon

   Spells                             Type                      Level
   a - Flame Tongue                   Conjuration/Fire             1
   b - Cause Fear                     Hexes                        4
   c - Bolt of Fire                   Conjuration/Fire             6
   d - Dragon Form                    Transmutation                7
   e - Dragon's Call                  Summoning                    9
Miscellaneous
 K - the horn of Geryon
Comestibles
 f - 10 rations


   Skills:
 O Level 27 Fighting
 O Level 27 Long Blades
 O Level 27 Staves
 O Level 27 Throwing
 O Level 27 Armour
 O Level 27 Dodging
 O Level 27 Shields
 + Level 24.5 Unarmed Combat
 O Level 27 Spellcasting
 O Level 27 Invocations
 O Level 27 Evocations


You had 77 spell levels left.
You didn't know any spells.

Dungeon Overview and Level Annotations

Branches:
Dungeon (1/1)

Altars:
Ashenzari
Cheibriados
Dithmenos
Elyvilon
Fedhas
Gozag
Hepliaklqana
Kikubaaqudgha
Makhleb
Nemelex Xobeh
Okawaru
Qazlal
Ru
Sif Muna
Trog
Uskayaw
Vehumet
Wu Jian
Xom
Yredelemnul
Zin
The Shining One
Beogh
Jiyva
Lugonu


Innate Abilities, Weirdness & Mutations

You cannot be hasted, slowed, berserked, paralysed or teleported.
You can dig through walls and to a lower floor.
Your four strong arms can wield two-handed weapons with a shield.
You have a pair of large antennae on your head. (SInv)
Scrolls take you a little longer to read.
Your body sometimes deteriorates upon taking damage.
You are very weak. (Str -4)


Message History

You slice the ice devil!!
The ice devil convulses!!
You kill the ice devil!
Qazlal accepts your kill.
You hit the chaos spawn.
The chaos spawn convulses!
The chaos spawn is moderately wounded.
The chaos spawn is engulfed in blazing flames.
You block the chaos spawn's attack.
You slice the chaos spawn!!
You kill the chaos spawn!
Qazlal accepts your kill.
The chaos spawn degenerates into a cloud of primal chaos!
There is an open door here.
A green death comes into view.
The green death roars!
The green death gestures at you. You block the poison arrow.
There is a staircase leading out of the dungeon here.
Unknown command.
You can't go down here!
You have escaped!

######### #
###################
#....#..#.[:..)}:#.
#!...#.....#..#....
#.?..#.............
#.?..#..#..#..#..#.
#.2###.##........##
#.)#.....#......#..
#§@'§.....######...
#§<#.....#......#..
#.§###.##........##
#.<<<#..#..#..#..#.
#.<<<#...).........
#.<<<#..)..#..#....
#..<<#..#[.[.[..)#.
#''################
#''################


You could see a green death.

Vanquished Creatures
  Dissolution (D)
  Ignacio (D)
  Gloorx Vloq (D)
  Tiamat (D)
  Dispater (D)
  2 ancient liches (D)
  3 orbs of fire (D)
  Mara (D)
  A greater mummy (D)
  7 pandemonium lords (D)
  Boris (D)
  Frederick (D)
  the Lernaean hydra (D)
  Geryon (D)
  7 golden dragons (D)
  4 pearl dragons (D)
  2 bone dragons (D)
  Jory (D)
  Nikola (D)
  A profane servitor (D)
  4 Brimstone Fiends (D)
  3 electric golems (D)
  3 liches (D)
  2 hellephants (D)
  5 Tzitzimimeh (D)
  2 tentacled monstrosities (D)
  3 Ice Fiends (D)
  25 Orb Guardians (D)
  2 Hell Sentinels (D)
  3 deep elf master archers (D)
  A deep elf blademaster (D)
  An acid blob (D)
  An Executioner (D)
  Gastronok (D)
  5 titans (D)
  A sphinx (D)
  4 shadow dragons (D)
  2 draconian monks (D)
  7 nagarajas (D)
  3 azure jellies (D)
  6 ghost moths (D)
  A draconian knight (D)
  26 daevas (D)
  4 orc warlords (D)
  An emperor scorpion (D)
  2 deep elf sorcerers (D)
  3 fire giants (D)
  A draconian scorcher (D)
  4 frost giants (D)
  2 balrugs (D)
  2 draconian shifters (D)
  2 cacodemons (D)
  Louise (D)
  A draconian annihilator (D)
  A draconian stormcaller (D)
  3 reapers (D)
  24 angels (D)
  A stone giant (D)
  2 green draconians (D)
  A vampire knight (D)
  A purple draconian (D)
  2 deep elf demonologists (D)
  2 red draconians (D)
  Azrael (D)
  4 deep elf annihilators (D)
  A black draconian (D)
  2 white draconians (D)
  A lorocyproca (D)
  5 dire elephants (D)
  4 blizzard demons (D)
  A merfolk impaler (D)
  7 green deaths (D)
  3 deep elf death magi (D)
  2 ettins (D)
  4 fire dragons (D)
  2 death oozes (D)
  2 deep elf high priests (D)
  2 yaktaur captains (D)
  A great orb of eyes (D)
  2 vault guards (D)
  Erolcha (D)
  A minotaur (D)
  4 ice dragons (D)
  8 hydras (D)
  A merfolk avatar (D)
  A merfolk aquamancer (D)
  3 naga warriors (D)
  An anaconda (D)
  10 catoblepae (D)
  A dancing weapon (D)
  2 death knights (D)
  3 vampire magi (D)
  Urug (D)
  5 death yaks (D)
  A spriggan berserker (D)
  3 soul eaters (D)
  A sun demon (D)
  2 fire crabs (D)
  5 sixfirhies (D)
  3 deep elf knights (D)
  9 hell knights (D)
  3 skeletal warriors (D)
  An iron troll (D)
  28 cherubim (D)
  An unseen horror (D)
  3 flayed ghosts (D)
  2 deep trolls (D)
  2 wizards (D)
  5 swamp dragons (D)
  5 lindwurms (D)
  A harpy (shapeshifter) (D)
  A naga ritualist (D)
  5 necromancers (D)
  12 orc knights (D)
  An ugly thing (D)
  A deep elf mage (D)
  A manticore (D)
  An elephant (D)
  A moth of wrath (D)
  A molten gargoyle (D)
  3 eyes of devastation (D)
  A naga mage (D)
  A spiny frog (D)
  2 rust devils (D)
  A gargoyle (D)
  An orange demon (D)
  A kobold demonologist (D)
  A hellion (D)
  4 rime drakes (D)
  6 yaktaurs (D)
  A freezing wraith (D)
  2 tormentors (D)
  A komodo dragon (D)
  A demonic crawler (D)
  A guardian mummy (D)
  An ice devil (D)
  2 trolls (D)
  A wind drake (D)
  A bog body (D)
  A hornet (D)
  4 merfolk (D)
  3 blink frogs (D)
  A snapping turtle (D)
  A dream sheep (D)
  6 wyverns (D)
  An air elemental (D)
  A flying skull (D)
  9 redbacks (D)
  3 spriggans (D)
  A tarantella (D)
  Eustachio (D)
  3 water elementals (D)
  A fire elemental (D)
  6 vampire mosquitoes (D)
  2 golden eyes (D)
  5 steam dragons (D)
  2 chaos spawn (D)
  4 basilisks (D)
  2 wargs (D)
  A naga (D)
  A soldier ant (D)
  2 acid dragons (D)
  8 hell hounds (D)
  A floating eye (D)
  2 porcupines (D)
  6 orc warriors (D)
  6 swamp drakes (D)
  An eye of draining (D)
  2 wolves (D)
  A crocodile (D)
  A big kobold (D)
  A bullfrog (D)
  7 orc priests (D)
  A gnoll shaman (D)
  3 orc wizards (D)
  A worker ant (D)
  A gnoll (D)
  A river rat (D)
  2 white imps (D)
  2 ufetubi (D)
  2 oozes (D)
  An adder skeleton (D)
  A worm (D)
  12 orcs (D)
  A bat skeleton (D)
  3 bat zombies (D)
  A hobgoblin (D)
  3 jackals (D)
  2 kobolds (D)
  A ball python skeleton (D)
  A bat (D)
  2 bat simulacra (D)
  2 giant cockroach zombies (D)
  2 goblins (D)
  A jackal zombie (D)
  A leopard gecko zombie (D)
  A rat (D)
572 creatures vanquished.

Vanquished Creatures (collateral kills)
  A hell beast (D)
  A dancing weapon (D)
  A yaktaur (D)
  A demonic crawler (D)
  2 merfolk (D)
  A snapping turtle (D)
  An orc priest (D)
  A hobgoblin (D)
9 creatures vanquished.

Vanquished Creatures (others)
  An Orb Guardian (D)
  A green death (D)
  A hellion (D)
3 creatures vanquished.

Grand Total: 584 creatures vanquished

Notes
Turn   | Place    | Note
-------+----------+-------------------------------------------
     0 | D        | stupendous the Formicid Fighter began the quest for the Orb.
     0 | D        | Reached XP level 1. HP: 18/18 MP: 1/1
    17 | D        | Found a bloodstained altar of Trog.
    17 | D        | Found a deep blue altar of Sif Muna.
    17 | D        | Found a viscous altar of Jiyva.
    17 | D        | Found a hazy altar of Hepliaklqana.
    17 | D        | Found an opulent altar of Gozag.
    18 | D        | Found a glowing golden altar of the Shining One.
    18 | D        | Found a glowing silver altar of Zin.
    18 | D        | Found a basalt altar of Yredelemnul.
    18 | D        | Found a shimmering altar of Xom.
    18 | D        | Found an ornate altar of the Wu Jian Council.
    18 | D        | Found a sacrificial altar of Ru.
    18 | D        | Found a stormy altar of Qazlal.
    18 | D        | Found an iron altar of Okawaru.
    18 | D        | Found a sparkling altar of Nemelex Xobeh.
    18 | D        | Found a burning altar of Makhleb.
    18 | D        | Found a blossoming altar of Fedhas.
    18 | D        | Found a white marble altar of Elyvilon.
    18 | D        | Found a shadowy altar of Dithmenos.
    18 | D        | Found a snail-covered altar of Cheibriados.
    19 | D        | Found a radiant altar of Vehumet.
    19 | D        | Found a corrupted altar of Lugonu.
    19 | D        | Found a roughly hewn altar of Beogh.
    20 | D        | Found an ancient bone altar of Kikubaaqudgha.
    20 | D        | Found a hide-covered altar of Uskayaw.
    20 | D        | Found a shattered altar of Ashenzari.
    23 | D        | Became a worshipper of Qazlal Stormbringer
    69 | D        | Reached XP level 2. HP: 22/25 MP: 2/2
    83 | D        | Reached * piety under Qazlal
    83 | D        | Reached XP level 3. HP: 9/31 MP: 3/3
   311 | D        | Reached skill level 5 in Shields
   344 | D        | Noticed a warg
   356 | D        | Killed a warg
   356 | D        | Reached ** piety under Qazlal
   356 | D        | Reached skill level 5 in Long Blades
   356 | D        | Reached XP level 4. HP: 36/41 MP: 4/4
   356 | D        | Reached XP level 5. HP: 41/47 MP: 5/5
   361 | D        | Reached skill level 1 in Invocations
   432 | D        | Noticed an orc warrior
   449 | D        | Killed an orc warrior
   449 | D        | Reached skill level 5 in Invocations
   449 | D        | Reached XP level 6. HP: 26/53 MP: 2/10
   452 | D        | Reached *** piety under Qazlal
   485 | D        | Reached **** piety under Qazlal
   485 | D        | Reached XP level 7. HP: 28/59 MP: 6/12
   560 | D        | Reached ***** piety under Qazlal
   878 | D        | Reached skill level 10 in Long Blades
   878 | D        | Reached skill level 10 in Invocations
   880 | D        | Noticed a flayed ghost
   898 | D        | Killed a flayed ghost
   898 | D        | Reached XP level 8. HP: 41/65 MP: 14/17
  1016 | D        | Noticed an unseen horror
  1020 | D        | Noticed a basilisk
  1027 | D        | Killed an unseen horror
  1027 | D        | Reached XP level 9. HP: 65/71 MP: 14/19
  1244 | D        | Noticed a bog body
  1256 | D        | Reached ****** piety under Qazlal
  1258 | D        | Killed a bog body
  1276 | D        | Noticed a freezing wraith
  1280 | D        | Noticed a snapping turtle
  1294 | D        | Killed a freezing wraith
  1302 | D        | Killed a snapping turtle
  1302 | D        | Reached skill level 15 in Invocations
  1540 | D        | Noticed a demonic crawler
  1547 | D        | Noticed a demonic crawler
  1564 | D        | Killed a demonic crawler
  1564 | D        | Reached XP level 10. HP: 67/77 MP: 14/21
  1565 | D        | Killed a demonic crawler
  1587 | D        | Noticed a kobold demonologist
  1607 | D        | Killed a kobold demonologist
  1613 | D        | Noticed Eustachio
  1615 | D        | Killed Eustachio
  1615 | D        | Reached skill level 15 in Long Blades
  1622 | D        | Noticed a manticore
  1629 | D        | Noticed an orc knight
  1632 | D        | Killed a manticore
  1633 | D        | Noticed Gastronok
  1635 | D        | Killed an orc knight
  1676 | D        | Killed Gastronok
  1676 | D        | Reached XP level 11. HP: 26/83 MP: 5/24
  1762 | D        | Noticed a death yak
  1776 | D        | Killed a death yak
  2129 | D        | Noticed a merfolk aquamancer
  2135 | D        | Killed a merfolk aquamancer
  2159 | D        | Noticed a fire crab
  2165 | D        | Killed a fire crab
  2204 | D        | Noticed a death knight
  2232 | D        | Killed a death knight
  2351 | D        | Noticed Urug
  2355 | D        | Killed Urug
  2411 | D        | Noticed a flayed ghost
  2431 | D        | Killed a flayed ghost
  2431 | D        | Reached XP level 12. HP: 72/89 MP: 26/26
  2577 | D        | Noticed a flayed ghost
  2587 | D        | Killed a flayed ghost
  3114 | D        | Noticed a sixfirhy
  3126 | D        | Noticed a merfolk impaler
  3127 | D        | Killed a sixfirhy
  3149 | D        | Killed a merfolk impaler
  3320 | D        | Noticed a halberd of flaming
  3348 | D        | Killed a halberd of flaming
  3686 | D        | Noticed Azrael
  3689 | D        | Killed Azrael
  4002 | D        | Noticed a hell beast
  4003 | D        | Noticed a vault guard
  4003 | D        | Noticed a naga ritualist
  4004 | D        | Noticed a naga warrior
  4022 | D        | Killed a hell beast
  4030 | D        | Killed a vault guard
  4030 | D        | Reached XP level 13. HP: 91/94 MP: 18/28
  4037 | D        | Killed a naga warrior
  4521 | D        | Noticed a nagaraja
  4523 | D        | Noticed an emperor scorpion
  4523 | D        | Killed a nagaraja
  4524 | D        | Noticed Erolcha
  4524 | D        | Killed Erolcha
  4529 | D        | Noticed an anaconda
  4530 | D        | Killed an anaconda
  4531 | D        | Noticed a ghost moth
  4531 | D        | Killed a ghost moth
  4534 | D        | Noticed a catoblepas
  4538 | D        | Killed an emperor scorpion
  4545 | D        | Noticed an orc warlord
  4573 | D        | Killed a catoblepas
  4600 | D        | Killed an orc warlord
  4782 | D        | Noticed a deep elf death mage
  4787 | D        | Killed a deep elf death mage
  4885 | D        | Got the +5 plate armour "Tuergh" {Int+5 Dex-2 Slay+6 Stlth+}
  4979 | D        | Noticed an orc warlord
  4980 | D        | Noticed an orc warlord
  4980 | D        | Noticed a yaktaur captain
  4983 | D        | Killed a yaktaur captain
  4983 | D        | Reached XP level 14. HP: 97/101 MP: 30/30
  4983 | D        | Killed an orc warlord
  4983 | D        | Killed an orc warlord
  5002 | D        | Reached skill level 27 in Invocations
  5870 | D        | Noticed a deep elf annihilator
  5871 | D        | Noticed a purple draconian
  5871 | D        | Noticed a deep elf annihilator
  5874 | D        | Noticed a green draconian
  5876 | D        | Killed a deep elf annihilator
  5876 | D        | Reached skill level 1 in Throwing
  5876 | D        | Reached skill level 1 in Dodging
  5877 | D        | Noticed a deep elf demonologist
  5877 | D        | Noticed a deep elf sorcerer
  5877 | D        | Reached XP level 15. HP: 104/108 MP: 19/32
  5926 | D        | Killed a deep elf sorcerer
  6153 | D        | Noticed a green draconian scorcher
  6166 | D        | Killed a green draconian scorcher
  6193 | D        | Noticed an angel
  6194 | D        | Killed an angel
  6194 | D        | Reached skill level 5 in Throwing
  6258 | D        | Noticed Boris
  6262 | D        | Killed Boris
  6262 | D        | Reached skill level 5 in Dodging
  6262 | D        | Reached skill level 10 in Shields
  6317 | D        | Noticed an Executioner
  6319 | D        | Reached skill level 10 in Fighting
  6453 | D        | Noticed a nagaraja
  6454 | D        | Noticed a yellow draconian monk
  6485 | D        | Noticed a nagaraja
  6486 | D        | Killed a yellow draconian monk
  6486 | D        | Reached skill level 10 in Armour
  6491 | D        | Killed a nagaraja
  6491 | D        | Killed a nagaraja
  6603 | D        | Noticed a lich
  6610 | D        | Killed a lich
  6796 | D        | Noticed a sphinx
  6808 | D        | Killed a sphinx
  7041 | D        | Got the ring of the Traitor {*Slow MR+ Int+4 Slay+5}
  7043 | D        | Got the ring of Lady Luck {Ice MR+ Stlth+}
  7045 | D        | Got the amulet of Creativity {RegenMP rC+}
  7047 | D        | Got the ring of Jedo {rPois rC+ rN+ MR+ SInv}
  7049 | D        | Got the ring "Hegur" {Ice rN+ MR- Str+4}
  7051 | D        | Got the ring of Bonny {rElec rPois Int+3}
  7053 | D        | Got the ring of Damun {rF++ MR+ Str-2 Dex+6}
  7057 | D        | Got the ring "Eniel" {rPois Int+6 Dex+2}
  7059 | D        | Got the ring "Cafuluri" {rElec Str+3 Int+6}
  7061 | D        | Got the ring of the Fiend {*Slow +Inv rElec AC+6 Int+3}
  7063 | D        | Got the ring of Dogma {+Inv rC+ rN+ Str-5 Dex+5}
  7065 | D        | Got the ring of Siamaut {rF+ rN+}
  7068 | D        | Got the amulet "Kigogya" {Inacc Str+4}
  7070 | D        | Got the amulet "Peatt" {Spirit rPois Str+2 SInv}
  7072 | D        | Got the ring "Zialin" {Str-4 Stlth+}
  7084 | D        | Got the ring "Waugul" {*Corrode rPois EV+6 Int+4 Dex+7}
  7086 | D        | Got the ring of Listaamol {rF+ rC+ rN+ Dex+3}
  7088 | D        | Got the amulet "Yfaothre" {Inacc rN+ Int+3}
  7090 | D        | Got the amulet of Ipluwy {+Rage rElec rPois}
  7100 | D        | Got the amulet of Sif Muna's Reproof {Faith Fragile Str+4 Dex+6 Slay+2}
  7102 | D        | Got the amulet of Anke {+Rage rPois rF- rC+ rN+}
  7104 | D        | Got the amulet "Tealous" {Gourm rN+ MR+ Int+3}
  7106 | D        | Got the ring of Naew Xez {MR+ MP+9 Str+4 Int-4 SInv Stlth+}
  7108 | D        | Got the amulet "Pecebael" {RegenMP +Blink rElec Int+4}
  7263 | D        | Noticed a balrug
  7269 | D        | Reached XP level 16. HP: 126/127 MP: 28/33
  7281 | D        | Reached skill level 10 in Dodging
  7326 | D        | Reached skill level 27 in Long Blades
  7358 | D        | Noticed a deep elf master archer
  7363 | D        | Killed a deep elf master archer
  7421 | D        | Noticed a frost giant
  7426 | D        | Killed a frost giant
  7458 | D        | Reached skill level 15 in Shields
  7565 | D        | Noticed a deep elf master archer
  7567 | D        | Killed a deep elf master archer
  7575 | D        | Noticed a frost giant
  7582 | D        | Killed a frost giant
  7592 | D        | Noticed a shadow dragon
  7607 | D        | Killed a shadow dragon
  7608 | D        | Noticed a profane servitor
  7612 | D        | Reached skill level 15 in Fighting
  7614 | D        | Noticed a nagaraja
  7622 | D        | Killed a profane servitor
  7622 | D        | Reached skill level 15 in Armour
  7630 | D        | Killed a nagaraja
  8026 | D        | Noticed a golden dragon
  8065 | D        | Killed a golden dragon
  8069 | D        | Reached skill level 15 in Dodging
  8072 | D        | Reached XP level 17. HP: 58/145 MP: 29/34
  8525 | D        | Noticed a golden dragon
  8526 | D        | Found the +9 staff of Olgreb {rPois}
  8527 | D        | Killed a golden dragon
  8578 | D        | Got the ring "Nagupput" {*Slow rPois rF+ Dex+4}
  8591 | D        | Got a silver rune of Zot
  8687 | D        | Noticed Voppaap the pandemonium lord
  8709 | D        | Killed Voppaap the pandemonium lord
  9027 | D        | Noticed a greater mummy
  9030 | D        | Noticed a Tzitzimitl
  9042 | D        | Killed a greater mummy
  9042 | D        | Reached XP level 18. HP: 43/162 MP: 17/35
  9043 | D        | Killed a Tzitzimitl
  9048 | D        | Noticed Nikola
  9073 | D        | HP: 7/164 [Nikola/chain lightning (11)]
  9075 | D        | Killed Nikola
  9480 | D        | Noticed a golden dragon
  9480 | D        | Noticed an Orb Guardian
  9480 | D        | Noticed an Orb Guardian
  9480 | D        | Noticed an Orb Guardian
  9481 | D        | Noticed Jory
  9482 | D        | Killed an Orb Guardian
  9483 | D        | Killed an Orb Guardian
  9485 | D        | Noticed an Orb Guardian
  9486 | D        | Killed an Orb Guardian
  9487 | D        | Killed an Orb Guardian
  9487 | D        | Killed a golden dragon
  9491 | D        | Noticed a pearl dragon
  9491 | D        | Noticed a Hell Sentinel
  9493 | D        | Noticed an Ice Fiend
  9495 | D        | Killed an Ice Fiend
  9498 | D        | Killed a pearl dragon
  9503 | D        | Noticed an ancient lich
  9509 | D        | Killed a Hell Sentinel
  9515 | D        | Killed an ancient lich
  9518 | D        | Killed Jory
  9743 | D        | Noticed an Orb Guardian
  9749 | D        | Noticed an Orb Guardian
  9751 | D        | Killed an Orb Guardian
  9754 | D        | Noticed an Orb Guardian
  9756 | D        | Killed an Orb Guardian
  9756 | D        | Reached XP level 19. HP: 178/178 MP: 36/36
  9763 | D        | Killed an Orb Guardian
  9804 | D        | Noticed an Orb Guardian
  9821 | D        | Killed an Orb Guardian
  9847 | D        | Noticed a titan
  9850 | D        | Noticed a Tzitzimitl
  9852 | D        | Killed a titan
  9863 | D        | Killed a Tzitzimitl
  9869 | D        | Noticed Dispater
  9884 | D        | Noticed a Tzitzimitl
 10123 | D        | Noticed a Hell Sentinel
 10141 | D        | Noticed a Tzitzimitl
 10159 | D        | Killed Dispater
 10556 | D        | Noticed Houzega the pandemonium lord
 10580 | D        | Killed Houzega the pandemonium lord
 10747 | D        | Noticed an Orb Guardian
 10755 | D        | Killed an Orb Guardian
 10764 | D        | Noticed an Orb Guardian
 10772 | D        | Killed an Orb Guardian
 10779 | D        | Noticed a Tzitzimitl
 10821 | D        | Killed a Tzitzimitl
 11207 | D        | Noticed an Orb Guardian
 11216 | D        | Killed an Orb Guardian
 11228 | D        | Noticed an Orb Guardian
 11230 | D        | Noticed an Orb Guardian
 11239 | D        | Killed an Orb Guardian
 11239 | D        | Reached skill level 27 in Shields
 11241 | D        | Killed an Orb Guardian
 11409 | D        | Noticed an Orb Guardian
 11411 | D        | Noticed a titan
 11416 | D        | Noticed an orb of fire
 11422 | D        | Killed an Orb Guardian
 11423 | D        | Killed a titan
 11425 | D        | Gained mutation: You are weak. (Str -2) [an orb of fire]
 11426 | D        | Killed an orb of fire
 11426 | D        | Reached XP level 20. HP: 171/194 MP: 17/37
 11431 | D        | Noticed an Ice Fiend
 11543 | D        | Killed an Ice Fiend
 11582 | D        | Noticed Mara
 11589 | D        | Killed Mara
 11668 | D        | Reached skill level 27 in Fighting
 11668 | D        | Reached skill level 27 in Armour
 11768 | D        | Reached skill level 27 in Dodging
 11768 | D        | Reached skill level 1 in Staves
 11768 | D        | Reached skill level 1 in Spellcasting
 11768 | D        | Reached skill level 1 in Evocations
 11781 | D        | Noticed an electric golem
 11783 | D        | Noticed a Brimstone Fiend
 11803 | D        | Killed an electric golem
 11803 | D        | Reached skill level 5 in Staves
 11803 | D        | Reached skill level 5 in Spellcasting
 11803 | D        | Reached skill level 5 in Evocations
 11808 | D        | Killed a Brimstone Fiend
 11820 | D        | Noticed a Tzitzimitl
 11826 | D        | Killed a Tzitzimitl
 11871 | D        | Noticed an orb of fire
 11876 | D        | Killed an orb of fire
 11876 | D        | Reached skill level 10 in Evocations
 12158 | D        | Reached skill level 10 in Staves
 12158 | D        | Reached skill level 10 in Spellcasting
 12533 | D        | Noticed Frederick
 12542 | D        | Noticed a tentacled monstrosity
 12543 | D        | Noticed a bone dragon
 12549 | D        | Killed Frederick
 12549 | D        | Reached XP level 21. HP: 193/204 MP: 20/38
 12579 | D        | Killed a bone dragon
 12583 | D        | Reached skill level 15 in Evocations
 12674 | D        | Noticed a bone dragon
 12687 | D        | Killed a bone dragon
 12720 | D        | Reached skill level 15 in Staves
 12720 | D        | Reached skill level 15 in Spellcasting
 12922 | D        | Noticed a golden dragon
 12939 | D        | Killed a golden dragon
 13131 | D        | Noticed a golden dragon
 13147 | D        | Killed a golden dragon
 13233 | D        | Noticed a Brimstone Fiend
 13243 | D        | Killed a Brimstone Fiend
 13674 | D        | Got the ring "Xaguek" {MR+ AC+6 Int-3 Dex+5}
 13676 | D        | Got the ring of Dutuz {MP+9 Slay+2}
 13678 | D        | Got the ring "Katremac" {Wiz Str+3 Int+8 Stlth-}
 13680 | D        | Got the ring "Jiofovac" {+Inv +Fly rN+}
 13682 | D        | Got the ring "Ruoleu" {+Fly rF+ rC- Int+3 Dex+5}
 13691 | D        | Got the ring of Brilliance {+Blink rPois MP+9 Int+5 Dex-4}
 13693 | D        | Got the amulet "Xian" {rC- Regen+ Int+5}
 13695 | D        | Got the amulet "Igromneth" {RegenMP Dex+3}
 13816 | D        | Noticed Geryon
 13836 | D        | Killed Geryon
 13934 | D        | Noticed a golden dragon
 13950 | D        | Killed a golden dragon
 13954 | D        | Reached XP level 22. HP: 202/212 MP: 45/45
 14130 | D        | Noticed Bong the pandemonium lord
 14136 | D        | Killed Bong the pandemonium lord
 14310 | D        | Noticed Fosopiq the pandemonium lord
 14323 | D        | Killed Fosopiq the pandemonium lord
 14658 | D        | Noticed a pearl dragon
 14669 | D        | Killed a pearl dragon
 14804 | D        | Noticed Louise
 14813 | D        | Killed Louise
 14968 | D        | Noticed a golden dragon
 14981 | D        | Killed a golden dragon
 15019 | D        | Noticed an ancient lich
 15023 | D        | Killed an ancient lich
 15053 | D        | Noticed Gloorx Vloq
 15065 | D        | Noticed the 27-headed Lernaean hydra
 15073 | D        | HP: 9/212 [the 26-headed Lernaean hydra (11)]
 15074 | D        | HP: 1/212 [the 26-headed Lernaean hydra (7)]
 15075 | D        | Noticed Rifezipp the pandemonium lord
 15082 | D        | Killed the 26-headed Lernaean hydra
 15086 | D        | Killed Rifezipp the pandemonium lord
 15086 | D        | Killed Gloorx Vloq
 15639 | D        | Noticed an orb of fire
 15647 | D        | Gained mutation: You are very weak. (Str -4) [an orb of fire]
 15653 | D        | Gained mutation: Scrolls take you a little longer to read. [an orb of fire]
 15654 | D        | Gained mutation: Your body sometimes deteriorates upon taking damage. [an orb of fire]
 15655 | D        | Killed an orb of fire
 15775 | D        | Noticed Dissolution
 15792 | D        | Killed Dissolution
 15792 | D        | Reached skill level 27 in Evocations
 15792 | D        | Reached XP level 23. HP: 180/219 MP: 36/52
 15970 | D        | Noticed Tiamat
 16059 | D        | Killed Tiamat
 16059 | D        | Reached skill level 27 in Spellcasting
 16453 | D        | Reached skill level 10 in Throwing
 16596 | D        | Reached skill level 15 in Throwing
 16740 | D        | Noticed Ignacio
 16767 | D        | Killed Ignacio
 17142 | D        | Noticed Ehobit the pandemonium lord
 17152 | D        | Killed Ehobit the pandemonium lord
 17278 | D        | Got an iron rune of Zot
 17280 | D        | Got the amulet of Xom's Amusement {Spirit rElec rN+ Dex+3 Slay+3}
 17380 | D        | Reached XP level 24. HP: 190/227 MP: 54/54
 17380 | D        | Reached skill level 27 in Throwing
 17387 | D        | Reached skill level 27 in Staves
 17391 | D        | Reached skill level 10 in Unarmed Combat
 17391 | D        | Reached skill level 15 in Unarmed Combat
 17824 | D        | Got the ring "Cuihyw" {+Blink rC+ rN++ MR- MP+9}
 17831 | D        | Got a golden rune of Zot
 18343 | D        | Got the Orb of Zot
 18419 | D        | Noticed Saefikle the pandemonium lord
 18424 | D        | Killed Saefikle the pandemonium lord
 18443 | D        | Escaped with the Orb!

Skill      XL: |  1  2  3  4  5  6  7  8  9 10 11 12 13 14 15 16 17 18 19 20 21 22 23 24 |
---------------+-------------------------------------------------------------------------+-----
Fighting       | 4 6 7 12 16 20 23 26 27 | 27.0
Armour         | 4 6 7 12 16 20 23 26 27 | 27.0
Shields        | 4 7 13 17 21 24 27 | 27.0
Long Blades    | 3 5 7 8 11 12 14 16 18 20 22 25 26 27 | 27.0
Invocations    | 5 7 12 13 15 18 20 23 25 27 | 27.0
Throwing       | 2 5 26 27 | 27.0
Dodging        | 2 9 15 18 20 23 27 | 27.0
Staves         | 12 19 25 27 | 27.0
Spellcasting   | 12 19 25 27 | 27.0
Evocations     | 13 21 27 | 27.0
Unarmed Combat | 24 | 24.5

Action                   |  1- 3 |  4- 6 |  7- 9 | 10-12 | 13-15 | 16-18 | 19-21 | 22-24 || total
-------------------------+-------+-------+-------+-------+-------+-------+-------+-------++-------
Melee: Falchion          |    40 |    54 |    84 |       |       |       |       |       ||   178
       Long sword        |     1 |       |       |       |       |       |       |       ||     1
       Scimitar          |       |       |    39 |   201 |   235 |   174 |       |       ||   649
       Great sword       |       |       |       |       |       |    85 |   318 |       ||   403
       Demon blade       |       |       |       |       |       |       |   214 |   399 ||   613
       Eudemon blade     |       |       |       |       |       |       |       |    43 ||    43
Invok: Upheaval          |       |     1 |     1 |    21 |    39 |    31 |    41 |    41 ||   175
       Elemental Force   |       |       |     2 |     5 |     1 |     1 |     4 |       ||    13
       Disaster Area     |       |       |       |       |     1 |     1 |       |     3 ||     5
 Abil: Evoke Flight      |       |       |       |       |       |       |       |     1 ||     1
  Use: Potion            |     2 |       |       |     4 |     1 |     1 |       |    13 ||    21
       Scroll            |       |       |       |       |       |     7 |       |       ||     7
 Stab: Distracted        |       |       |     1 |     1 |       |       |     1 |       ||     3
       Petrified         |       |       |       |       |     1 |       |       |       ||     1
  Eat: Chunk             |       |       |     2 |     6 |     5 |     9 |     7 |     2 ||    31
       Ration            |       |       |       |     1 |     1 |       |     2 |     4 ||     8
Armor: Scale mail        |    14 |     2 |       |       |       |       |       |       ||    16
       Plate armour      |       |     7 |    39 |    50 |    66 |    17 |       |       ||   179
       Gold dragon scale |       |       |       |       |       |    20 |    77 |   164 ||   261
Dodge: Dodged            |    16 |     7 |     8 |    19 |    18 |    68 |   140 |   225 ||   501
       Deflected         |       |       |       |     2 |     4 |     6 |     9 |     6 ||    27
Block: Shield            |    31 |    24 |   100 |   121 |   108 |       |       |       ||   384
       Large shield      |       |       |       |       |    62 |   269 |   534 |   526 ||  1391
       Rpst.: Falchion   |     3 |     1 |       |       |       |       |       |       ||     4
       Scimitar          |       |       |     1 |     1 |     2 |     4 |       |       ||     8
       Great sword       |       |       |       |       |       |     3 |    12 |       ||    15
       Demon blade       |       |       |       |       |       |       |     8 |    18 ||    26
       Eudemon blade     |       |       |       |       |       |       |       |     1 ||     1
